AoeStats
← maalrivba

Black Forest

509392488Analyzed
4v4 RM · 6d ago on Sep 26, 2026· 49m 36s· 8 players
Game mode
Random Map
Map size
Large (8 player)
Population
200
Speed
Normal
Resources
Standard
Victory
Conquest
Starting age
Dark Age
Ending age
Imperial Age
RankedLock teamsTeams togetherTeam positionsShared explorationLock speedFull tech treeHidden civsTurbo modeCheats
Victory
Defeat
🇨🇭 Vietnamese · Switzerland
798
+15
🇦🇷 Sicilians · Argentina
737
+17
🇧🇷 Danes · Brazil
693
+19
🇮🇹 Khmer · Italy
664
+20
🇲🇽 Japanese · Mexico
816
-19
🇺🇸 Wu · United States
812
-20
🇺🇸 Vikings · United States
739
-17
🇱🇧 Britons · Lebanon
697
-15
Booger Flicker X
ArepitoElote
1:25 Loom
13:53 Feudal Age
15:19 Feudal Age
16:59 Double-Bit Axe
21:47 Castle Age
21:29 Fletching
21:40 Padded Archer Armor
25:22 Bow Saw
28:49 Imperial Age
27:39 Bodkin Arrow
28:56 Wheelbarrow
29:37 Gold Mining
29:43 Stone Mining
31:29 Leather Archer Armor
31:58 Conscription
33:27 Red Cliffs Tactics
37:45 Elite Fire Archer
38:54 Ballistics
39:34 Chemistry
38:26 Treadmill Crane
40:33 Hand Cart
43:48 Bracer
44:33 Onager
maalrivba
5:14 Loom
12:20 Feudal Age
13:36 Wheelbarrow
14:06 Double-Bit Axe
19:06 Castle Age
17:11 Stone Mining
18:20 Horse Collar
20:50 Hand Cart
20:20 Town Watch
23:21 Heavy Plow
26:24 Town Patrol
33:53 Imperial Age
31:27 Padded Archer Armor
31:18 Fletching
32:20 Bow Saw
32:42 Fletching
32:53 Scale Mail Armor
33:08 Leather Archer Armor
33:04 Forging
32:37 Treadmill Crane
33:59 Bodkin Arrow
34:19 Chain Mail Armor
34:28 Ballistics
34:04 Murder Holes
35:47 Two-Man Saw
34:13 Elite Skirmisher
36:08 Conscription
35:36 Arson
35:52 Squires
36:56 Iron Casting
36:16 Gold Mining
37:42 Hoardings
36:34 Pikeman
38:28 Gold Shaft Mining
40:11 Bracer
40:42 Ring Archer Armor
40:42 Plate Mail Armor
43:25 Blast Furnace
42:56 Plate Mail Armor
43:00 Arrowslits
44:15 Chemistry
44:10 Masonry
49:05 Yasama
Bassem Kh
12:12 Feudal Age
TallMan00
0:29 Loom
LuchoCuzzo
0:56 Loom
13:08 Feudal Age
14:38 Wheelbarrow
13:53 Double-Bit Axe
13:50 Fishing Lines
19:27 Castle Age
20:29 Bow Saw
20:38 Gillnets
22:55 Stone Mining
23:12 Gold Mining
24:12 Horse Collar
25:14 Heavy Plow
27:36 Hand Cart
29:20 Caravan
31:41 Ballistics
31:17 Murder Holes
31:33 Masonry
32:59 Stone Shaft Mining
33:00 Gold Shaft Mining
35:41 Imperial Age
35:20 First Crusade
35:07 Scale Mail Armor
35:17 Forging
36:32 Chain Mail Armor
37:10 Conscription
36:11 Elite Serjeant
37:27 Hoardings
37:32 Iron Casting
38:41 Fletching
38:51 Padded Archer Armor
39:22 Plate Mail Armor
39:52 Blast Furnace
38:32 Elite Skirmisher
39:39 Imperial Skirmisher
42:21 Leather Archer Armor
42:02 Bodkin Arrow
45:37 Bracer
48:11 Chemistry
46:57 Arrowslits
xdoppiadx
10:30 Feudal Age
10:57 Double-Bit Axe
12:02 Fishing Lines
13:20 Horse Collar
19:51 Castle Age
18:35 Gold Mining
20:45 Wheelbarrow
20:44 Bow Saw
20:37 Heavy Plow
21:29 Gillnets
23:00 Caravan
23:36 Hand Cart
23:34 Loom
25:18 Stone Mining
26:03 Gold Shaft Mining
28:34 Town Watch
31:02 Stone Shaft Mining
30:45 Fervor
33:42 Coinage
35:50 Imperial Age
33:27 Town Patrol
35:46 Masonry
35:26 Heated Shot
35:46 Fortified Wall
35:32 Murder Holes
35:47 Fortified Wall
35:32 Murder Holes
35:58 Ballistics
35:29 Guard Tower
37:35 Double Crossbow
37:55 Conscription
37:37 Tusk Swords
36:59 Elite Ballista Elephant
38:00 Forging
37:50 Scale Mail Armor
37:55 Scale Barding Armor
37:40 Fletching
37:50 Padded Archer Armor
37:40 Fletching
38:53 Crop Rotation
39:29 Hoardings
40:46 Iron Casting
40:26 Chain Mail Armor
40:06 Bodkin Arrow
40:26 Leather Archer Armor
40:06 Bodkin Arrow
40:31 Chain Barding Armor
40:41 Heavy Cavalry Archer
40:41 Elite Skirmisher
41:48 Parthian Tactics
40:43 Crossbowman
42:10 Bracer
42:41 Ring Archer Armor
43:11 Blast Furnace
42:46 Plate Barding Armor
41:59 Imperial Skirmisher
43:15 Onager
43:15 Heavy Scorpion
46:16 Banking
47:56 Capped Ram
luzmamera2
0:35 Loom
11:54 Feudal Age
12:33 Double-Bit Axe
22:13 Castle Age
21:57 Stone Mining
23:57 Bow Saw
28:19 Wheelbarrow
28:25 Wheelbarrow
28:31 Fortified Wall
28:17 Murder Holes
28:43 Ballistics
28:33 Padded Archer Armor
28:23 Fletching
30:21 Hand Cart
32:37 Stone Shaft Mining
31:52 Gold Mining
32:44 Leather Archer Armor
32:25 Bodkin Arrow
32:31 Fishing Lines
33:10 Caravan
33:50 Gillnets
38:54 Imperial Age
36:09 Elite Skirmisher
36:55 Thumb Ring
38:34 Masonry
38:27 Scale Mail Armor
38:37 Forging
38:13 Pikeman
38:54 Squires
38:39 Arson
38:15 Man-at-Arms
41:24 Two-Man Saw
39:49 Imperial Skirmisher
41:38 Chemistry
40:45 Siege Engineers
41:15 Ring Archer Armor
40:46 Bracer
41:03 Chain Mail Armor
41:26 Iron Casting
43:08 Elite Fire Lancer
43:11 Long Swordsman
Connection lost

Rejoining the realm…

Still unreachable

The connection could not be restored.

Session expired

The server has moved on; the page needs a fresh start.